Map: Blueshift LE

Players

FisterRoboto - Winner!

  • Race: Zerg Zerg
  • League: Diamond
  • Spawn Location: 7:00

pusheenEJ

  • Race: Protoss Protoss
  • Spawn Location: 1:00

VOD

Have the link to the VOD?

Description

Time

  • Played on: Aug. 26, 2018, 1:44 a.m.
  • Length: 7:53
Show
View Real Time Build Order
Export as new Build Order

FisterRoboto Zerg - Winner!

Build Orders: Hatch First 

Get SALT Encoding   

  12  0:02  Drone  
  13  0:13  Overlord  
  13  0:19  Drone  
  14  0:31  Drone x2  
  16  1:04  Hatchery  
  16  1:05  Drone x3  
  18  1:14  Extractor  
  18  1:16  Spawning Pool  
  16  1:20  Drone  
  17  1:27  Drone  
  18  1:38  Drone  
  19  1:51  Drone  
  20  2:05  Zergling x2  
  21  2:10  Zergling x2  
  22  2:15  Queen  
  22  2:18  Queen, Drone  
  22  2:21  Overlord  
  27  2:32  Drone  
  27  2:36  Metabolic Boost  
  28  2:40  Drone x2  
  30  2:54  Hatchery  
  30  2:56  Drone  
  30  2:57  Overlord, Drone  
  31  3:02  Queen  
  31  3:04  Queen  
  35  3:09  Overlord  
  35  3:15  Overlord  
  35  3:20  Drone  
  36  3:31  Drone x3  
  39  3:37  Zergling x4  
  40  3:47  Lair  
  40  3:50  Drone x2  
  42  3:56  Drone  
  42  3:57  Drone  
  42  4:00  Roach Warren, Drone x3  
  42  4:01  Queen  
  48  4:08  Spore Crawler  
  48  4:09  Spore Crawler, Drone  
  47  4:11  Drone  
  47  4:14  Drone  
  49  4:19  Queen  
  51  4:25  Drone x3  
  51  4:29  Extractor  
  51  4:30  Drone  
  54  4:31  Extractor x2  
  54  4:37  Drone  
  54  4:38  Drone x3  
  56  4:45  Overlord  
  56  4:50  Queen  
  58  5:00  Overlord x3  
  58  5:04  Drone  
  58  5:05  Drone x4  
  58  5:06  Drone  
  64  5:07  Drone  
  64  5:08  Drone  
  66  5:23  Glial Reconstitution  
  66  5:25  Drone x6  
  66  5:28  Roach x3  
  78  5:32  Drone x2  
  80  5:38  Roach x3  
  80  5:40  Roach  
  80  5:41  Zergling x2  
  89  5:54  Overlord  
  89  5:55  Overlord x3  
  89  6:01  Overlord  
  89  6:13  Roach x13  
  89  6:17  Overlord  
  115  6:23  Overlord, Roach x3  
  121  6:28  Overlord x3  
  121  6:37  Zergling x10  
  126  6:43  Zergling x2  
  127  6:47  Zergling x2  
  127  6:49  Ravager x4  
  127  6:50  Ravager  
  133  6:55  Ravager  
  133  6:56  Zergling x12  
  133  6:57  Zergling x4  
  142  7:04  Extractor  
  142  7:05  Extractor  
  142  7:06  Zergling x4  
  142  7:11  Hatchery  
  138  7:18  Hydralisk Den  
  134  7:27  Drone  
  134  7:28  Drone x11  
  139  7:34  Drone  
  131  7:40  Drone  
  131  7:41  Drone x4  
Show
View Real Time Build Order
Export as new Build Order

pusheenEJ Protoss 

Build Orders: 1 Gate Expand, Zealot Archon 

Get SALT Encoding   

  12  0:01  Probe  
  13  0:13  Probe  
  14  0:20  Pylon  
  14  0:26  Probe  
  15  0:36  Probe  
  15  0:40  Gateway  
  16  0:44  Probe  
  17  0:52  Probe  
  18  1:04  Probe  
  19  1:17  Probe  
  20  1:26  Nexus  
  20  1:32  Assimilator  
  20  1:33  Probe  
  21  1:44  Cybernetics Core  
  21  1:47  Probe  
  21  1:51  Pylon  
  22  1:54  Assimilator  
  22  2:01  Pylon  
  22  2:04  Probe  
  23  2:12  Stalker  
  23  2:19  Probe  
  26  2:31  Probe  
  26  2:40  Warp Gate  
  26  2:43  Gateway, Probe x2  
  26  2:44  Adept  
  28  2:47  Shield Battery  
  30  2:51  Probe  
  30  2:55  Probe  
  32  2:59  Probe  
  33  3:07  Probe  
  33  3:10  Probe  
  33  3:12  Stargate  
  35  3:17  Adept  
  35  3:19  Probe  
  38  3:23  Probe  
  39  3:31  Probe  
  40  3:35  Probe  
  41  3:44  Probe  
  41  3:46  Twilight Council  
  41  3:48  Gateway, Probe  
  43  3:55  Gateway  
  43  3:56  Probe  
  43  4:00  Probe  
  45  4:05  Pylon  
  45  4:14  Pylon  
  45  4:15  Probe  
  46  4:17  Charge  
  46  4:21  Assimilator  
  46  4:23  Oracle, Probe  
  50  4:26  Assimilator  
  50  4:35  Nexus  
  50  4:40  Pylon  
  50  4:54  Probe x2  
  52  5:00  Phoenix  
  52  5:02  Gateway  
  52  5:05  Gateway  
  52  5:06  Probe x2  
  56  5:16  Robotics Facility  
  56  5:17  Robotics Facility  
  56  5:18  Pylon x2  
  56  5:21  Pylon  
  56  5:23  Probe x2  
  58  5:34  Templar Archives  
  58  5:36  Gateway  
  58  5:40  Gateway  
  58  5:52  Probe x3  
  61  5:59  Warp Prism  
  61  6:00  Shield Battery  
  61  6:04  Shield Battery, Probe x2  
  61  6:05  Probe  
  61  6:06  Pylon  
  61  6:07  Observer  
  67  6:11  Psionic Storm  
  67  6:12  Assimilator  
  67  6:16  Assimilator  
  67  6:18  Pylon  
  67  6:27  Zealot  
  67  6:28  Zealot  
  67  6:29  Zealot  
  73  6:37  High Templar  
  73  6:39  High Templar  
  77  6:40  High Templar  
  77  6:46  Archon  
  79  6:48  Probe x3  
  79  6:50  High Templar  
  84  6:54  Archon  
  84  7:00  Probe x2  
  84  7:01  Probe  
  87  7:03  Zealot x3  
  93  7:12  Probe x2  
  93  7:13  Probe  
  90  7:16  Oracle  
  83  7:24  Probe  
  83  7:27  Zealot x4  
  83  7:28  Zealot x3  
Tags
 
Add a new tag
Caveats
  • Supply blocks, unpowered buildings, or Contaminate may cause inaccurate times.
  • Supply counts are checked every 10 seconds.